 Dungeon Crawl Stone Soup version 0.29-a0-275-g389c0b56f3 (webtiles) character file.

Game seed: 13577945770413067341

102 sammy202020 the Ducker (level 4, -4/34 HPs)
             Began as a Demonspawn Gladiator on Mar 13, 2022.
             Killed by divine providence
             ... invoked by an orc priest
              (16 damage)
             ... on level 3 of the Dungeon.
             The game lasted 00:04:48 (2103 turns).

sammy202020 the Ducker (Demonspawn Gladiator)       Turns: 2103, Time: 00:04:48

Health: -4/34      AC:  4    Str: 20    XL:     4   Next: 49%
Magic:  1/1        EV: 12    Int: 11    God:
Gold:   109        SH:  0    Dex: 13    Spells: 3/3 levels left

rFire   . . .      SeeInvis .   g - +3 lajatang of Brawling {antimagic, rElec Str+6 Dex-2}
rCold   . . .      Faith    .   (shield currently unavailable)
rNeg    . . .      Spirit   .   b - +0 leather armour
rPois   .          Reflect  .   c - +0 helmet
rElec   +          Harm     .   (no cloak)
rCorr   .          Rampage  .   (no gloves)
Will    .....                   (no boots)
Stlth   +.........              (no amulet)
HPRegen 0.11/turn               (no ring)
MPRegen 0.07/turn               (no ring)

@: no status effects
A: spiny 1
a: no special abilities


You were on level 3 of the Dungeon.
You visited 1 branch of the dungeon, and saw 3 of its levels.

You collected 109 gold pieces.

Inventory:

Hand Weapons
 a - a +0 quarterstaff
 g - the +3 lajatang of Brawling (weapon) {antimagic, rElec Str+6 Dex-2}
   (You acquired it on level 2 of the Dungeon)

   It reduces the magical energy of the wielder, and disrupts the spells and
   magical abilities of those it strikes.
   Natural abilities and divine invocations are not affected.
   Str:       It affects your strength (+6).
   Dex:       It affects your dexterity (-2).
   rElec:     It insulates you from electricity.
Missiles
 d - 3 throwing nets (quivered)
 e - a javelin
Armour
 b - a +0 leather armour (worn)
 c - a +0 helmet (worn)
Scrolls
 i - a scroll of blinking {unknown}
 j - a scroll of identify {unknown}
 l - a scroll of teleportation {unknown}
Potions
 f - a potion of attraction {unknown}
 h - 3 potions of curing {unknown}
 k - a potion of cancellation {unknown}


   Skills:
 * Level 2.9 Fighting
 * Level 3.3 Staves
 - Level 1.8 Throwing
 * Level 1.5 Armour
 * Level 3.3 Dodging


You had 3 spell levels left.
You didn't know any spells.
Your spell library contained the following spells:

 Spells                   Type           Power      Damage    Failure   Level
 Ensorcelled Hibernation  Hex/Ice        0%         N/A       52%         2
 Passwall                 Tmut/Erth      0%         N/A       52%         2
 Swiftness                Air            0%         N/A       77%         3


Dungeon Overview and Level Annotations

Branches:
Dungeon (3/15)

Altars:


Innate Abilities, Weirdness & Mutations

You are partially covered in sharp spines.


Message History

An orc is wielding a +2 hand axe of freezing.
An orc is wielding a +1 vampiric dagger.
The orc priest shouts!
The orc shouts! x2
The orc moves out of view.
There are monsters nearby!
An orc priest comes into view. It is wielding a +0 club.
Found 9 gold pieces.
The orc is struck by your spines. The orc misses you.
You closely miss the orc.
The orc is severely wounded.
The orc barely misses you.
You slice the orc!!
You kill the orc!
The orc priest misses you.
The orc priest is struck by your spines.
The orc priest closely misses you.
The orc priest mumbles some strange prayers to Beogh against you.
Beogh smites you!
You closely miss the orc.
The orc priest hits you with a +0 short sword.
The orc closely misses you.
The orc hits you with a +2 hand axe of freezing.
The orc freezes you.
You hit the orc.
The orc is heavily wounded.
The orc priest barely misses you. The orc barely misses you.
The orc hits you but does no damage. The orc is struck by your spines.
The orc barely misses you.
You slash the orc!
You kill the orc!
The orc is struck by your spines. The orc hits you but does no damage.
The orc priest hits you with a +0 short sword.
The orc hits you but does no damage. The orc attacks as you move away!
The orc closely misses you. The orc hits you but does no damage.
Things that are here:
a +2 hand axe of freezing; a +0 scale mail; an orc corpse The orc priest invokes the aid of Beogh against you.
Beogh smites you! The orc closely misses you.
The orc priest mumbles some strange prayers to Beogh against you.
Beogh smites you!
You die...

#......#.......#......#
##...#.#.#...#.#.###..#
##.##.#.......#.###..#
#....#.......#......#
#.##.#.....oo#......#
#.##.#.#...#.#.###..#
###†##.#.....oo#......####
#...##...........###.##..
#........#....@.## #.# .#
#.####...#.###.## #.##.##
#.# #####.# #.# #.#...#
#.# #... #.#####...#
#.#####.######.##......#
#...........##.##.##..<#
#.##...........##.##.#.#
#.##.##.###.##.##.##.###
#.##.##.# #.##.##.#..##


You could see 2 orc priests and 2 orcs.

Vanquished Creatures
  3 adders
  3 dart slugs
  2 orcs (D:3)
  7 endoplasms
  2 giant cockroaches (D:1)
  6 hobgoblins
  4 jackals (D:2)
  7 kobolds
  3 quokkas
  5 ball pythons
  8 bats
  6 frilled lizards
  2 goblins (D:1)
  6 rats
  A spectral kobold (D:1)
65 creatures vanquished.

Vanquished Creatures (others)
  4 plants (D:2)
4 creatures vanquished.

Grand Total: 69 creatures vanquished

Notes
Turn   | Place    | Note
-------+----------+-------------------------------------------
     0 | D:1      | sammy202020 the Demonspawn Gladiator began the quest for
                  | the Orb.
     0 | D:1      | Reached XP level 1. HP: 16/16 MP: 1/1
   115 | D:1      | Gained mutation: You are partially covered in sharp spines.
                  | [demonic ancestry]
   115 | D:1      | Reached XP level 2. HP: 5/22 MP: 2/2
   403 | D:1      | Found a faded altar of an unknown god.
   768 | D:1      | Reached XP level 3. HP: 28/28 MP: 3/3
  1044 | D:2      | Reached skill level 1 in Armour
  1476 | D:2      | Reached XP level 4. HP: 34/34 MP: 4/4
  1828 | D:2      | Identified a scroll of acquirement
  1828 | D:2      | Acquired the +3 lajatang of Brawling {antimagic, rElec
                  | Str+6 Dex-2}
  2103 | D:3      | Killed from afar by an orc priest

Illustrated notes

Levels and vault maps discovered:
D:1:      dpeg_arrival_shelter, layout_loops_cross,
          dreamdust_ecumenical_altar_drowned_temple, minmay_misc_feat_plants,
          minmay_strange_pillars
D:2:      layout_loops_cross, nrook_mini_backslash, serial_bayou_lagoon_b
D:3:      cheibrodos_pilgrimage, layout_loops_ring, serial_shops, shop,
          grunt_decor_fettered, minmay_puff

Skill      XL: |  1  2  3 |
---------------+----------+-----
Dodging        | 3 |  3.3
Staves         | 3 |  3.3
Armour         | 1 |  1.5
Fighting       | |  2.9
Throwing       | |  1.8

Action                   |  1- 3 |  4- 6 || total
-------------------------+-------+-------++-------
Melee: Quarterstaff      |    93 |     6 ||    99
       Lajatang          |       |    20 ||    20
  Use: Scroll            |       |     1 ||     1
 Stab: Sleeping          |     1 |       ||     1
Armor: Leather armour    |    24 |     8 ||    32
Dodge: Dodged            |    49 |    18 ||    67

Table legend: (Time is in decaauts)
 A = Elapsed time spent in this place.
 B = Non-inter-level travel time spent in this place.
 C = Inter-level travel time spent in this place.
 D = Time resting spent in this place.
 E = Time spent auto-exploring this place.
 F = Levels seen in this place.
 G = Mean time per level.
                   A        B        C        D        E       F      G
               +--------+--------+--------+--------+--------+-----+--------+
         Total |   2141 |   2123 |     18 |      0 |   1756 |   3 |  713.7 |
       Dungeon |   2141 |   2123 |     18 |      0 |   1756 |   3 |  713.7 |
               +--------+--------+--------+--------+--------+-----+--------+

Top non-repeatable levels by time:
     D:1: 1022 daAuts
     D:2: 890 daAuts
     D:3: 229 daAuts
